 Dungeon Crawl Stone Soup version 0.30-a0-1116-gebefce21f7 (webtiles) character file.

Game seed: 13418264840648747234

44947 BlueFish the Unseen (level 14, 0/95 HPs)
             Began as an Octopode Fighter on Apr 21, 2023.
             Killed from afar by a lindwurm (25 damage)
             ... with a blast of flame
             ... on level 5 of the Lair of Beasts.
             The game lasted 01:04:03 (17688 turns).

BlueFish the Unseen (Octopode Fighter)             Turns: 17688, Time: 01:04:03

Health: 0/95       AC: 10    Str: 26    XL:     14   Next: 30%
Magic:  20/21      EV: 19    Int: 10    God:
Gold:   777        SH: 10    Dex: 22    Spells: 6/23 levels left

rFire   . . .      SeeInvis +    c - +3 mace (protect)
rCold   + . .      Faith    .    b - +3 buckler
rNeg    . . .      Spirit   .    l - +2 hat
rPois   +          Reflect  .    I - amulet of regeneration
rElec   .          Rampage  .    p - ring of poison resistance
rCorr   .                        J - +6 ring of strength
Will    ++...                    G - ring of wizardry Stlth ***+++++++
                                 Q - ring of Shadows {Umbra +Inv Stlth+}
HPRegen 1.15/turn                d - ring of see invisible
MPRegen 0.17/turn                S - +6 ring of dexterity
                                 U - ring of the Spinneret {Fly rC+ Str+2}
                                 V - ring of willpower

@: under a protective aura, flying, wreathed by umbra
A: almost no armour, amphibious, 8 rings, camouflage 1, gelatinous body 1,
(nimble swimmer 1), tentacles, agile 1
a: Evoke Invisibility


You were on level 5 of the Lair of Beasts.
You visited 3 branches of the dungeon, and saw 15 of its levels.
You also visited: Volcano.

You collected 1317 gold pieces.
You spent 540 gold pieces at shops.

Inventory:

Hand Weapons
 a - a +0 flail
 c - a +3 mace of protection (weapon)
 h - a +0 whip
Missiles
 g - 143 stones
 r - 6 javelins
 C - 18 boomerangs
 N - 31 poisoned darts (quivered)
 O - a curare-tipped dart
Armour
 b - a +3 buckler (worn)
 l - a +2 hat (worn)
Jewellery
 d - a ring of see invisible (on tentacle)
 p - a ring of poison resistance (left tentacle)
 D - a +6 ring of intelligence
 G - a ring of wizardry (on tentacle)
 I - an amulet of regeneration (around mantle)
 J - a +6 ring of strength (right tentacle)
 Q - the ring of Shadows (on tentacle) {Umbra +Inv Stlth+}
   (You found it on level 8 of the Dungeon)

   [ring of stealth]

   Umbra:     It surrounds you with an aura of shadow, increasing your stealth
   and reducing the accuracy of all others within it.
   +Inv:      It lets you turn invisible.
   Stlth:     It makes you more stealthy.
 S - a +6 ring of dexterity (on tentacle)
 U - the ring of the Spinneret (on tentacle) {Fly rC+ Str+2}
   (You found it on level 9 of the Dungeon)

   [ring of flight]

   Str:       It affects your strength (+2).
   rC:        It protects you from cold.
   Fly:       It grants you flight.
 V - a ring of willpower (on tentacle)
Wands
 t - a wand of charming (12)
 B - a wand of iceblast (2)
 H - a wand of flame (40)
Scrolls
 i - 4 scrolls of enchant armour
 j - a scroll of amnesia
 n - 2 scrolls of fear
 o - a scroll of blinking
 q - 5 scrolls of magic mapping
 u - 4 scrolls of fog
 v - 5 scrolls of poison
 w - a scroll of torment
 y - 3 scrolls of vulnerability
 z - 2 scrolls of immolation
 A - 2 scrolls of butterflies
 E - a scroll of enchant weapon
Potions
 e - 3 potions of resistance
 f - 2 potions of curing
 k - 3 potions of attraction
 m - 4 potions of invisibility
 F - 2 potions of brilliance
 K - 4 potions of lignification
 L - 5 potions of flight
 M - a potion of magic
Miscellaneous
 s - a box of beasts (inert)
 R - a lightning rod (inert)


   Skills:
 + Level 8.7 Fighting
 + Level 8.5 Maces & Flails
 + Level 6.0 Throwing
 + Level 8.8 Dodging
 + Level 16.1 Stealth
 + Level 9.0 Shields
 + Level 5.2 Spellcasting
 + Level 5.8 Hexes
 + Level 8.3 Translocations
 * Level 1.2 Transmutations
 + Level 6.4 Evocations


You had 6 spell levels left.
You knew the following spells:

 Your Spells              Type           Power      Damage    Failure   Level
a - Lesser Beckoning      Tloc           38%        N/A       1%          2
b - Teleport Other        Tloc           19%        N/A       1%          3
c - Tukima's Dance        Hex            14%        N/A       3%          3
d - Cause Fear            Hex            7%         N/A       11%         4
e - Blade Hands           Tmut           2%         N/A       86%         5

Your spell library contained the following spells:

 Spells                   Type           Power      Damage    Failure   Level
 Gell's Gravitas          Tloc           19%        N/A       1%          3
 Portal Projectile        Hex/Tloc       32%        N/A       1%          3
 Passage of Golubria      Tloc           19%        N/A       3%          4
 Cigotuvi's Dreadful Rot  Necr/Pois/Air  4%         N/A       16%         2
 Scorch                   Fire           4%         2d5       16%         2
 Yara's Violent Unravell  Hex/Tmut       4%         3d4       56%         5
 Silence                  Hex/Air        4%         N/A       65%         5
 Dispel Undead            Necr           2%         3d7       69%         4
 Flame Wave               Conj/Fire      2%         2d4       69%         4
 Summon Lightning Spire   Summ/Air       2%         N/A       69%         4
 Death Channel            Necr           1%         N/A       100%        6
 Summon Cactus Giant      Summ           1%         N/A       100%        6
 Dragon Form              Tmut           2%         N/A       100%        7
 Storm Form               Tmut/Air       1%         N/A       100%        7
 Lehudib's Crystal Spear  Conj/Erth      1%         10d2      100%        8
 Maxwell's Capacitive Co  Air            1%         ∞         100%        8
 Chain Lightning          Conj/Air       1%         3d1       100%        9
 Dragon's Call            Summ           1%         N/A       100%        9


Dungeon Overview and Level Annotations

Branches:
Dungeon (9/15)             Temple (1/1) D:7            Lair (5/5) D:9
  Swamp (0/4) Lair:2        Snake (0/4) Lair:3        Slime (0/5) Lair:4
Volcano (visited)
    Orc: D:9-12

Altars:
Ashenzari
Cheibriados
Dithmenos
Elyvilon
Fedhas
Gozag
Hepliaklqana
Kikubaaqudgha
Nemelex Xobeh
Okawaru
Qazlal
Sif Muna
Trog
Uskayaw
Vehumet
Wu Jian
Xom
Yredelemnul
Zin
The Shining One

Shops:
D:5 =

Annotations:
D:4 Natasha
D:9 1 runed translucent door, NeonRainbow's ghost, journeyman TrGl
Lair:1 exclusion: 3 oklob plants


Innate Abilities, Weirdness & Mutations

You cannot wear most types of armour.
You are amphibious.
You can wear up to eight rings at the same time.
Your skin changes colour to match your surroundings (Stealth+).
Your rubbery body absorbs attacks. (AC +1, EV +1)
((You are camouflaged when in or above water. (Stealth+)))
You have tentacles for arms and can constrict up to eight enemies at once.
You are agile. (Dex +4, Str/Int -1)


Message History

The lindwurm claws you but does no damage. x2
You hit the lindwurm but do no damage.
The lindwurm is lightly wounded.
You block the lindwurm's attack. The lindwurm misses you.
The lindwurm completely misses you.
You thump the lindwurm! You squeeze the lindwurm!
The lindwurm is heavily wounded.
A dream sheep comes into view.
You block the lindwurm's attack. The lindwurm barely misses you.
The lindwurm misses you.
You sock the lindwurm!
The lindwurm is heavily wounded.
The lindwurm bites you. The lindwurm completely misses you.
The lindwurm claws you but does no damage.
You hit the lindwurm. You squeeze the lindwurm.
The lindwurm is severely wounded.
You block the lindwurm's attack. The lindwurm barely misses you.
You block the lindwurm's attack.
You hit the lindwurm.
The lindwurm is severely wounded.
The dream sheep bites you.
The lindwurm bites you but does no damage.
The lindwurm completely misses you. You block the lindwurm's attack.
You hit the lindwurm but do no damage.
The lindwurm is severely wounded.
You block the dream sheep's attack. The lindwurm bites you!
You block the lindwurm's attack. The lindwurm claws you!
* * * LOW HITPOINT WARNING * * *
You sock the lindwurm!
The lindwurm is almost dead.
The dream sheep bites you but does no damage.
The lindwurm barely misses you. The lindwurm closely misses you.
You block the lindwurm's attack.
You hit the lindwurm but do no damage.
The lindwurm is almost dead.
The dream sheep bites you.
* * * LOW HITPOINT WARNING * * *
The lindwurm breathes flames at you. The blast of flame hits you!!
You die...

## #..###.####
###..#.##..#P[..
#########
###########... ###
#####.P.#### ###.
..####.#P.....P.# ##
...##.#....†....####
#
..##.....#####.....#
#
..##.....#.........#
..##.....#...#....P#
######.......#..@###
#...#...###.###.Yk#
#.÷.#.....###P....#
#..†.......#......(
#†###....####.....##
.......#.# ###..(.
........## #....
#...##### #####.
#####


You could see a lindwurm (catching breath) and a dream sheep.

Vanquished Creatures
  Snorg (Lair:4)
  A centaur warrior (D:9)
  3 hydras
  2 death yaks (Lair:5)
  2 two-headed ogres (D:9)
  A boulder beetle (Lair:3)
  3 skysharks
  A deep elf archer (Volcano)
  3 lindwurms
  Pikel (D:6)
  9 deep elf pyromancers
  An ugly thing (D:9)
  2 cyclopes (D:9)
  15 elephants
  4 black mambas
  16 cane toads
  7 komodo dragons
  2 rime drakes (Lair:5)
  2 polar bears
  9 blink frogs
  5 dream sheep (Lair:5)
  A jumping spider (D:8)
  A slime creature (D:9)
  A shadow (D:9)
  5 wyverns
  3 fire elementals (Volcano)
  18 yaks
  A vampire mosquito (D:7)
  4 basilisks
  2 redbacks (D:8)
  5 steam dragons
  Eustachio (D:6)
  A naga (Lair:3)
  A swamp worm (Lair:2)
  Edmund (D:6)
  4 hell hounds (Volcano)
  11 water moccasins
  Duvessa (D:5)
  6 orc warriors
  An ice beast (D:5)
  13 wolves
  A centaur (D:5)
  An ogre (D:6)
  3 phantoms
  6 kobold brigands
  A gnoll sergeant (D:9)
  8 bullfrogs
  5 scorpions
  A wight (D:9)
  Dowan (D:5)
  A killer bee (D:7)
  An electric eel (Lair:3)
  4 howler monkeys
  2 lava snakes (D:8)
  5 jellies
  4 hounds
  8 orc priests
  An iguana (D:5)
  Crazy Yiuf (D:5)
  2 gnoll boudas
  Natasha (twice) (D:4)
  12 orc wizards
  A hell rat (D:9)
  7 adders
  10 gnolls
  A river rat (D:9)
  5 shadow imps
  2 white imps
  3 ufetubi
  4 worms
  3 dart slugs
  63 orcs
  8 endoplasms
  5 giant cockroaches
  13 goblins
  6 hobgoblins
  3 quokkas
  4 ball pythons
  7 bats
  2 frilled lizards
  28 kobolds
  12 rats
  2 butterflies (D:5)
430 creatures vanquished.

Vanquished Creatures (collateral kills)
  A boulder beetle (Lair:5)
  A two-headed ogre (D:9)
  An orc (D:9)
3 creatures vanquished.

Vanquished Creatures (others)
  A boulder beetle (D:8)
  A steam dragon (Lair:4)
  34 fungi
  58 plants
94 creatures vanquished.

Grand Total: 527 creatures vanquished

Notes
Turn   | Place    | Note
-------+----------+-------------------------------------------
     0 | D:1      | BlueFish the Octopode Fighter began the quest for the Orb.
     0 | D:1      | Reached XP level 1. HP: 16/16 MP: 1/1
   139 | D:1      | Reached skill level 1 in Stealth
   146 | D:1      | Reached XP level 2. HP: 19/21 MP: 2/2
   341 | D:1      | Reached skill level 2 in Stealth
   443 | D:1      | Reached XP level 3. HP: 26/26 MP: 3/3
   630 | D:1      | Found a faded altar of an unknown god.
  1135 | D:2      | Reached XP level 4. HP: 31/31 MP: 4/4
  1175 | D:2      | Reached skill level 3 in Stealth
  1377 | D:3      | Noticed a scorpion
  1380 | D:3      | Found a hide-covered altar of Uskayaw.
  1795 | D:3      | Reached XP level 5. HP: 36/36 MP: 5/5
  1807 | D:3      | Identified the +9 trident "Killer Bee's Doom" {heavy, rC+
                  | Will+ Dex+3}
  1856 | D:3      | Reached skill level 4 in Stealth
  1908 | D:3      | Identified the +12 quarterstaff of the Last Dances {heavy,
                  | rC- Dex+6}
  2155 | D:3      | Noticed a moth of wrath
  2158 | D:3      | Found a bloodstained altar of Trog.
  2190 | D:3      | Identified the +10 rapier "Ymijaann" {flame, Str+4}
  2399 | D:4      | Noticed Natasha
  2409 | D:4      | Killed Natasha
  2411 | D:4      | Reached XP level 6. HP: 33/43 MP: 6/6
  2458 | D:4      | Noticed Natasha
  2462 | D:4      | Killed Natasha
  2572 | D:4      | Reached skill level 5 in Stealth
  2852 | D:4      | Reached XP level 7. HP: 48/48 MP: 7/7
  2871 | D:4      | Noticed Natasha
  3513 | D:5      | Entered Level 5 of the Dungeon
  3551 | D:5      | Reached skill level 6 in Stealth
  4082 | D:5      | Reached skill level 7 in Stealth
  4169 | D:5      | Reached XP level 8. HP: 46/54 MP: 8/8
  4294 | D:5      | Found a shimmering altar of Xom.
  4319 | D:5      | Found a broken altar of Ashenzari.
  4400 | D:5      | Found a runed translucent door.
  4401 | D:5      | Noticed Crazy Yiuf
  4719 | D:5      | Noticed Duvessa
  4720 | D:5      | Noticed Dowan
  4727 | D:5      | Killed Duvessa
  4728 | D:5      | Reached skill level 5 in Fighting
  4728 | D:5      | Reached skill level 5 in Dodging
  4728 | D:5      | Reached skill level 8 in Stealth
  4728 | D:5      | Reached skill level 5 in Shields
  4730 | D:5      | Killed Dowan
  4946 | D:5      | Found an ornate altar of the Wu Jian Council.
  5039 | D:5      | Found a stormy altar of Qazlal.
  5039 | D:5      | Found a white marble altar of Elyvilon.
  5149 | D:5      | Found Ydegeoda's Jewellery Shop.
  5522 | D:6      | Reached skill level 9 in Stealth
  5522 | D:6      | Reached XP level 9. HP: 58/61 MP: 9/9
  5564 | D:6      | Noticed Pikel
  5608 | D:5      | Bought an amulet of regeneration for 360 gold pieces
  5660 | D:6      | Reached skill level 5 in Maces & Flails
  5696 | D:6      | Found an ancient bone altar of Kikubaaqudgha.
  5796 | D:6      | Noticed Edmund
  5818 | D:6      | Killed Edmund
  5905 | D:5      | Reached skill level 10 in Stealth
  6018 | D:6      | Noticed Eustachio
  6025 | D:6      | Killed Eustachio
  6138 | D:6      | Killed Pikel
  6308 | D:6      | Reached skill level 11 in Stealth
  6642 | D:7      | Found a glowing silver altar of Zin.
  6687 | D:7      | Reached XP level 10. HP: 47/69 MP: 10/10
  6714 | D:7      | Learned a level 2 spell: Lesser Beckoning
  6718 | D:7      | Learned a level 3 spell: Teleport Other
  6722 | D:7      | Learned a level 3 spell: Tukima's Dance
  6752 | D:7      | You fall into a shaft and drop 1 floor!
  6949 | D:8      | Gained mutation: Your magical capacity is low. (-10% MP)
                  | [potion of mutation]
  6949 | D:8      | Gained mutation: You passively dampen the noise of your
                  | surroundings. [potion of mutation]
  6949 | D:8      | Gained mutation: Your muscles are strong. (Str +4, Int/Dex
                  | -1) [potion of mutation]
  6950 | D:8      | Lost mutation: Your muscles are strong. (Str +4, Int/Dex
                  | -1) [potion of mutation]
  6950 | D:8      | Lost mutation: Your magical capacity is low. (-10% MP)
                  | [potion of mutation]
  6950 | D:8      | Lost mutation: You passively dampen the noise of your
                  | surroundings. [potion of mutation]
  6950 | D:8      | Gained mutation: You occasionally shout uncontrollably at
                  | your foes. [potion of mutation]
  6950 | D:8      | Gained mutation: Your mind is acute. (Int +4, Str/Dex -1)
                  | [potion of mutation]
  6950 | D:8      | Gained mutation: Your spells are a little harder to cast,
                  | but a little more powerful. [potion of mutation]
  6950 | D:8      | Gained mutation: You are robust. (+10% HP) [potion of
                  | mutation]
  6951 | D:8      | Lost mutation: You occasionally shout uncontrollably at
                  | your foes. [potion of mutation]
  6951 | D:8      | Lost mutation: Your spells are a little harder to cast, but
                  | a little more powerful. [potion of mutation]
  6951 | D:8      | Lost mutation: You are robust. (+10% HP) [potion of
                  | mutation]
  6951 | D:8      | Gained mutation: Your spells are a little harder to cast,
                  | but a little more powerful. [potion of mutation]
  6952 | D:8      | Lost mutation: Your mind is acute. (Int +4, Str/Dex -1)
                  | [potion of mutation]
  6952 | D:8      | Lost mutation: Your spells are a little harder to cast, but
                  | a little more powerful. [potion of mutation]
  6952 | D:8      | Gained mutation: You are agile. (Dex +4, Str/Int -1)
                  | [potion of mutation]
  7056 | D:7      | Noticed a deep elf pyromancer
  7178 | D:7      | Found a staircase to the Ecumenical Temple.
  7187 | Temple   | Entered the Ecumenical Temple
  7356 | D:8      | Reached skill level 1 in Translocations
  7492 | D:8      | Reached skill level 1 in Evocations
  7604 | D:8      | Reached skill level 1 in Throwing
  7616 | D:8      | HP: 3/69 [steam dragon/ball of steam (24)]
  7684 | D:8      | Found a shimmering blue altar of Sif Muna.
  7792 | D:7      | Reached skill level 1 in Hexes
  8256 | D:7      | Killed a deep elf pyromancer
  8257 | D:7      | Reached skill level 1 in Spellcasting
  8661 | D:8      | Reached skill level 12 in Stealth
  8713 | D:8      | Found a runed translucent door.
  8749 | D:8      | Found a runed translucent gate.
  8749 | D:8      | Found a runed translucent gate.
  8749 | D:8      | Found a runed translucent gate.
  8749 | D:8      | Found a runed translucent gate.
  8749 | D:8      | Noticed a boulder beetle
  8751 | D:8      | Found a runed translucent gate.
  8752 | D:8      | Found a runed translucent gate.
  8752 | D:8      | Noticed a lindwurm
  8754 | D:8      | Found the ring of Shadows {Umbra +Inv Stlth+}
  8897 | D:8      | Killed a lindwurm
  8991 | D:9      | Found a runed translucent door.
  8991 | D:9      | Found a shimmering altar of Xom.
  8991 | D:9      | Noticed NeonRainbow's ghost (journeyman TrGl)
  8992 | D:9      | Noticed a +1 hand axe of chaos
  9014 | D:9      | Noticed a centaur warrior
  9027 | D:9      | Noticed a cyclops
  9038 | D:9      | Killed a centaur warrior
  9039 | D:9      | Reached XP level 11. HP: 18/74 MP: 13/13
  9092 | D:9      | Noticed a two-headed ogre
  9104 | D:9      | Killed a two-headed ogre
  9146 | D:9      | Noticed a skeletal warrior
  9247 | D:9      | Killed a cyclops
  9257 | D:9      | Noticed a red ugly thing
  9348 | D:9      | Killed a red ugly thing
  9389 | D:9      | Found a glowing golden altar of the Shining One.
  9423 | D:9      | Found a radiant altar of Vehumet.
  9431 | D:9      | Noticed a cyclops
  9478 | D:9      | Killed a cyclops
  9679 | D:9      | Noticed a two-headed ogre
  9690 | D:9      | Noticed a death yak
  9694 | D:9      | Killed a two-headed ogre
  9705 | D:9      | Reached skill level 13 in Stealth
  9899 | D:9      | Noticed a two-headed ogre
  9912 | D:9      | Killed a two-headed ogre
 10194 | D:5      | Bought a ring of see invisible for 180 gold pieces
 10265 | D:5      | Killed Crazy Yiuf
 10616 | D:9      | Identified the ring of the Spinneret {Fly rC+ Str+2}
 10626 | D:9      | Identified the +6 spear of Balance {drain, rPois rN+ Str+4
                  | SInv}
 10679 | D:9      | Noticed a death yak
 10681 | D:9      | Found a staircase to the Lair.
 10683 | D:9      | Noticed a death yak
 10834 | Lair:1   | Entered Level 1 of the Lair of Beasts
 11046 | Lair:1   | Noticed an oklob plant
 11046 | Lair:1   | Noticed an oklob plant
 11046 | Lair:1   | Noticed an oklob plant
 11326 | Lair:1   | Found a dark tunnel.
 11331 | Volcano  | Entered a volcano
 11356 | Volcano  | Noticed a deep elf pyromancer
 11358 | Volcano  | Noticed a deep elf pyromancer
 11367 | Volcano  | Noticed a deep elf pyromancer
 11368 | Volcano  | Noticed a deep elf pyromancer
 11456 | Volcano  | Noticed a deep elf pyromancer
 11482 | Volcano  | Killed a deep elf pyromancer
 11482 | Volcano  | Killed a deep elf pyromancer
 11483 | Volcano  | Reached skill level 5 in Translocations
 11483 | Volcano  | Reached XP level 12. HP: 29/81 MP: 13/16
 11723 | Volcano  | Reached skill level 14 in Stealth
 12351 | Lair:2   | Learned a level 4 spell: Cause Fear
 12742 | Lair:2   | Found a staircase to the Swamp.
 13515 | Lair:3   | Noticed a boulder beetle
 13559 | Lair:3   | Killed a boulder beetle
 13560 | Lair:3   | Reached XP level 13. HP: 79/88 MP: 19/19
 13693 | Lair:3   | Reached skill level 5 in Evocations
 13861 | Lair:3   | Found a staircase to the Snake Pit.
 14386 | Lair:4   | Reached skill level 15 in Stealth
 14421 | Lair:4   | Found an iron altar of Okawaru.
 14943 | Lair:4   | Reached skill level 5 in Throwing
 15131 | Lair:4   | Found a staircase to the Slime Pits.
 15162 | Lair:3   | Reached skill level 5 in Hexes
 15433 | Lair:4   | Noticed Snorg
 15732 | Lair:4   | Killed Snorg
 15815 | Lair:5   | Entered Level 5 of the Lair of Beasts
 15998 | Lair:5   | Found a radiant altar of Vehumet.
 16471 | Lair:5   | Reached XP level 14. HP: 64/95 MP: 10/21
 16576 | Lair:5   | Reached skill level 5 in Spellcasting
 16960 | Lair:5   | Reached skill level 16 in Stealth
 17216 | Lair:5   | Learned a level 5 spell: Blade Hands
 17564 | Lair:5   | Got the Enchiridion on Nephomancy
 17579 | Lair:5   | Reached skill level 1 in Transmutations
 17688 | Lair:5   | Killed from afar by a lindwurm

Illustrated notes

Levels and vault maps discovered:
D:1:      roderic_crop_circles_arrival_small, layout_basic,
          shapermc_ecumenical_altar_ellora, serial_rivers,
          chequers_serial_rivers_marsh, chequers_serial_rivers_small_a,
          chequers_serial_rivers_micro_b, chequers_serial_rivers_micro_a,
          minmay_stone_trees_small
D:2:      layout_basic
D:3:      layout_loops_ring, nicolae_uskayaw_murder_on_the_dancefloor, tgw_trog,
          chequers_garden
D:4:      layout_loops_corners, uniq_natasha
D:5:      layout_basic, xom_butterflies, mainiacjoe_overflow_chevrons,
          nicolae_wu_jian_immortal_techniques,
          gammafunk_temple_overflow_elements, serial_shops,
          nicolae_shop_behind_doors, uniq_duvessa, uniq_crazy_yiuf_cottage
D:6:      layout_rooms, kiku_gazebo_pond_becter, grunt_potential,
          uniq_eustachio, uniq_pikel, uniq_edmund
D:7:      cheibrodos_fzero, layout_layer_cave, mainiacjoe_overflow_boulevard,
          minmay_temple_entry_slanted
D:8:      gammafunk_indiana_jones, layout_loops_ring,
          nicolae_sif_muna_condensation
D:9:      minmay_the_grid_3x2 [minmay_the_grid_holed_spiral,
          minmay_the_grid_garden, minmay_the_grid_dragon_a,
          minmay_the_grid_medium_cups, minmay_the_grid_outer_circle,
          minmay_the_grid_prize_four_corners_diamond_b], layout_long_grid,
          mainiacjoe_overflow_small_starburst, general_overflow_altar,
          nicolae_overflow_hidden_temple, dpeg_lair_monsters, ebering_ghost_xom,
          corner_web_ring, chequers_arboretum
Temple:   hellmonk_temple_two_chambers
Lair:1:   minmay_lair_oklob_chamber, layout_regular_city,
          nicolae_volcano_entry_s_turn, grunt_megastairs_1,
          infiniplex_staircase_pool_2
Lair:2:   layout_cave_pods, minmay_swamp_entry_worms
Lair:3:   layout_regular_city, guppyfry_snake_entry_island,
          nicolae_quartered_pool_super, serial_bayou_shore_b,
          serial_bayou_shore_b
Lair:4:   layout_small_grid, slime_entry_1, basic_altar,
          chequers_serial_rivers_micro_b, grunt_megastairs_5, uniq_snorg
Lair:5:   hangedman_lair_in_review, layout_misc_corridors, basic_altar,
          serial_bayou_shore_b

Skill      XL: |  1  2  3  4  5  6  7  8  9 10 11 12 13 14 |
---------------+-------------------------------------------+-----
Stealth        | 1 2 3 4 5 7 9 11 12 13 14 15 16 | 16.1
Maces & Flails | 3 4 6 7 8 |  8.5
Fighting       | 4 5 6 7 8 |  8.7
Dodging        | 4 5 6 7 8 |  8.8
Shields        | 4 5 6 7 8 9 |  9.0
Translocations | 3 5 6 7 8 |  8.3
Evocations     | 2 3 4 6 |  6.4
Throwing       | 2 3 4 5 6 |  6.0
Hexes          | 2 3 4 5 |  5.8
Spellcasting   | 1 3 4 5 |  5.2
Transmutations | 1 |  1.2

Action                     |  1- 3 |  4- 6 |  7- 9 | 10-12 | 13-15 || total
---------------------------+-------+-------+-------+-------+-------++-------
  Melee: Flail             |    13 |       |       |       |       ||    13
         Constrict         |    19 |    29 |    68 |    96 |    40 ||   252
         Tentacles         |    15 |    21 |    96 |   185 |   161 ||   478
         Whip              |    64 |    33 |       |       |       ||    97
         Mace              |       |    76 |   323 |   635 |   477 ||  1511
         Punch             |       |     2 |    10 |    14 |     8 ||    34
  Throw: Stone             |       |       |     2 |    20 |     8 ||    30
         Dart              |       |       |       |    12 |   107 ||   119
   Cast: Tukima's Dance    |       |       |       |    10 |       ||    10
         Lesser Beckoning  |       |       |       |    10 |     7 ||    17
         Teleport Other    |       |       |       |     1 |       ||     1
         Cause Fear        |       |       |       |       |    17 ||    17
  Evoke: Wand              |       |       |       |    11 |     4 ||    15
         Lightning rod     |       |       |       |       |     8 ||     8
         Box of beasts     |       |       |       |       |     1 ||     1
    Use: Scroll            |     2 |       |       |    28 |     4 ||    34
         Potion            |       |     1 |     2 |     8 |     1 ||    12
   Stab: Sleeping          |    13 |    12 |    12 |    18 |     4 ||    59
         Distracted        |       |     2 |     2 |     3 |     3 ||    10
 Armour: Skin              |     6 |    11 |    62 |   108 |    93 ||   280
  Dodge: Dodged            |    40 |    47 |   200 |   357 |   426 ||  1070
  Block: Buckler           |     8 |    14 |    62 |   235 |   276 ||   595

Table legend: (Time is in decaauts)
 A = Elapsed time spent in this place.
 B = Non-inter-level travel time spent in this place.
 C = Inter-level travel time spent in this place.
 D = Time resting spent in this place.
 E = Time spent auto-exploring this place.
 F = Levels seen in this place.
 G = Mean time per level.
                   A        B        C        D        E       F      G
               +--------+--------+--------+--------+--------+-----+--------+
         Total |  17806 |  16709 |   1097 |    699 |   9730 |  16 | 1112.9 |
       Dungeon |  10904 |  10088 |    816 |    272 |   6363 |   9 | 1211.6 |
        Temple |     29 |     29 |      0 |      0 |     11 |   1 |   29.0 |
          Lair |   6318 |   6037 |    281 |    216 |   3297 |   5 | 1263.6 |
       Volcano |    553 |    553 |      0 |    211 |     58 |   1 |  553.0 |
               +--------+--------+--------+--------+--------+-----+--------+

Top non-repeatable levels by time:
     D:5: 2281 daAuts
  Lair:4: 1780 daAuts
  Lair:5: 1624 daAuts
     D:7: 1432 daAuts
     D:8: 1349 daAuts
     D:9: 1315 daAuts
  Lair:3: 1130 daAuts
     D:4: 1118 daAuts
     D:3: 1070 daAuts
  Lair:2: 1070 daAuts
     D:6: 992 daAuts
     D:1: 899 daAuts
  Lair:1: 713 daAuts
 Volcano: 553 daAuts
     D:2: 445 daAuts
